 Dungeon Crawl Stone Soup version 0.30.0-5-g1a98f26d00 (webtiles) character file.

Game seed: 9976333792644180786

3148 Jackthecabe the Scholar of Death (level 9, 0/74 HPs)
             Began as a Mummy Necromancer on May 12, 2023.
             Was a Follower of Kikubaaqudgha.
             Slain by an orc knight
             ... wielding a +0 broad axe
              (21 damage)
             ... in a bailey.
             The game lasted 00:21:28 (9617 turns).

Jackthecabe the Scholar of Death (MuNe)             Turns: 9617, Time: 00:21:29

Health: 0/74       AC: 11    Str: 12    XL:     9   Next: 62%
Magic:  1/15       EV: 10    Int: 18    God:    Kikubaaqudgha [*.....]
Gold:   492        SH:  5    Dex: 12    Spells: 8/16 levels left

rFire   + . .        b - +0 trident
rCold   + + .        r - +0 buckler "Syfocu" {Harm *Corrode rF+ Stlth+}
rNeg    + + +        m - +4 ring mail
rPois   ∞            u - +0 helmet
rElec   .            n - +0 cloak
rCorr   .            (no gloves)
SInv    .            (no boots)
Will    +....        (no amulet)
Stlth   ++           C - ring of protection from cold
HPRegen 0.32/turn    F - ring of protection from fire
MPRegen 0.14/turn

%: corrode self (3%), harm (+30% outgoing, +20% incoming), faith
@: no status effects
A: cold resistance 1, negative energy resistance 3, torment resistance 2, heat
vulnerability 1, in touch with death 1, no potions, faith
a: Renounce Religion, Unearth Wretches


You were in a bailey.
You worshipped Kikubaaqudgha.
Kikubaaqudgha was aware of your devotion.
You visited 2 branches of the dungeon, and saw 9 of its levels.
You also visited: Bailey.

You collected 492 gold pieces.


Innate Abilities, Weirdness & Mutations

You are immune to poison.
Your flesh is cold resistant. (rC+)
You are immune to negative energy. (rN+++)
You are immune to unholy pain and torment.
You are vulnerable to heat. (rF-)
You are in touch with the powers of death.
You do not drink.
You have a special connection with the divine. (Faith)


   Skills:
 - Level 8.0 Fighting
 + Level 4.2 Polearms
 - Level 1.5 Dodging
 - Level 1.5 Stealth
 - Level 5.0 Shields
 - Level 4.0 Spellcasting
 - Level 8.0 Necromancy


You had 8 spell levels left.
You knew the following spells:

 Your Spells              Type           Power      Damage    Failure   Level
n - Dispel Undead         Necr           48%        3d18      17%         4
v - Vampiric Draining     Necr           48%        2d9       4%          3
X - Necrotise             Necr           100%       1d9       1%          1

Your spell library contained the following spells:

 Spells                   Type           Power      Damage    Failure   Level
 Kiss of Death            Conj/Necr      100%       2d13      9%          1
 Animate Dead             Necr           48%        N/A       17%         4
 Cigotuvi's Dreadful Rot  Necr/Pois/Air  38%        N/A       24%         2
 Shock                    Conj/Air       12%        1d3       41%         1
 Agony                    Necr           48%        N/A       43%         5
 Ensorcelled Hibernation  Hex/Ice        6%         N/A       56%         2
 Passwall                 Tmut/Erth      2%         N/A       56%         2
 Call Canine Familiar     Summ           3%         N/A       80%         3
 Confusing Touch          Hex            3%         N/A       80%         3
 Gell's Gravitas          Tloc           3%         N/A       80%         3
 Portal Projectile        Hex/Tloc       6%         N/A       80%         3
 Swiftness                Air            3%         N/A       80%         3
 Teleport Other           Tloc           3%         N/A       80%         3
 Airstrike                Air            1%         2d(1-17)  99%         4
 Leda's Liquefaction      Hex/Erth       1%         N/A       99%         4
 Dispersal                Tloc           1%         N/A       100%        6

Inventory:

Hand Weapons
 b - a +0 trident (weapon)
 e - a +0 halberd
 s - a +0 hand axe
 x - a +2 dagger of venom
Missiles
 f - a throwing net {=f}
 y - a curare-tipped dart {=f}
 z - 6 poisoned darts
Armour
 m - a +4 ring mail (worn)
 n - a +0 cloak (worn)
 r - the +0 buckler "Syfocu" (worn) {Harm *Corrode rF+ Stlth+}
   (You found it on level 5 of the Dungeon)

   rF:        It protects you from fire.
   *Corrode:  It may corrode you when you take damage.
   Harm:      It increases damage dealt and taken.
   Stlth:     It makes you more stealthy.
 u - a +0 helmet (worn)
 A - the +3 leather armour of Knowledge {Stlth+}
   (You took it off a kobold in a bailey)

   Stlth:     It makes you more stealthy.
Magical Staves
 a - a staff of death {!a}
Jewellery
 C - a ring of protection from cold (left hand)
 F - a ring of protection from fire (right hand)
Wands
 t - a wand of charming (13)
Scrolls
 c - 5 scrolls of teleportation {@r2}
 d - a scroll of summoning {unknown}
 g - 3 scrolls of identify {@r1}
 h - 3 scrolls of poison {unknown}
 i - 2 scrolls of fear {unknown}
 j - a scroll of blinking
 k - a scroll of vulnerability
 l - 3 scrolls of immolation {unknown}
 o - a scroll of amnesia
 p - a scroll of enchant armour {unknown}
 q - a scroll of fog {unknown}
 v - 2 scrolls of torment {unknown}
 w - a scroll of silence {!r}

Dungeon Overview and Level Annotations

Branches:
Dungeon (8/15)             Temple (1/1) D:5          Bailey (1/1)
   Lair: D:8-11

Altars:
Ashenzari
Cheibriados
Dithmenos
Fedhas
Gozag
Hepliaklqana
Kikubaaqudgha
Makhleb
Nemelex Xobeh
Okawaru
Qazlal
Ru
Sif Muna
Trog
Vehumet
Wu Jian
Xom
Yredelemnul

Shops:
D:5 [   D:6 *

Annotations:
D:5 1 runed translucent door, Crazy Yiuf, Sigmund

...## #...####
##.....#### ##..)....###
##..∩......####
##.....).......####
#.≈≈≈≈≈≈≈≈...(....###
≈≈≈≈≈≈≈≈≈≈≈≈...)....##
≈▒▒▒▒▒▒▒▒▒≈≈≈≈~.@....##
∩▒...!go.▒∩≈≈≈≈≈≈o....##
▒▒.......▒▒▒▒!(≈g≈≈≈≈≈≈≈#
▒▒▒▒o▒▒▒▒..▒...g..≈≈≈≈≈≈
.g...o..▒▒▒......▒▒▒▒
▒▒▒..'.▒.....▒▒▒
▒g.▒▒▒.......▒
▒..▒....⌠.....▒ ▒▒
▒▒'▒.........▒▒


You could see an orc knight and 2 gnolls.


Message History

Press: ? - help, Shift-Dir - straight line, f - hobgoblin, p - orc knight
Aim: a hobgoblin, wielding a +0 hand axe and wearing a +0 leather armour (chance to affect: 66%)
The hobgoblin is charmed.
The orc knight splashes around in the water.
Your hobgoblin splashes around in the water.
The gnoll barely misses your hobgoblin.
The gnoll closely misses your hobgoblin.
What are your orders? t - Shout!
Orders for allies: a - Attack new target. p - Attack previous target. r - Retreat! s - Stop attacking. g - Guard the area. f - Follow me.
Anything else - Cancel.
Gang up on whom?
Press: ? - help, Dir - move target, f - orc knight, p - hobgoblin
Aim: an orc knight, wielding a +0 broad axe and wearing a +0 ring mail (almost dead) Attack!
The sentinel's mark upon you fades away.
The orc knight hits you with a +0 broad axe.
* * * LOW HITPOINT WARNING * * *
The orc knight hits your hobgoblin with a +0 broad axe!
Your hobgoblin dies!
You hear a splash. x2
Aiming: Charm
Press: ? - help, Shift-Dir - straight line, f - gnoll, p - orc knight
Aim: a gnoll, wielding a +0 war axe and wearing a +0 leather armour (chance to affect: 57%)
The gnoll resists with significant effort.
The orc knight hits you with a +0 broad axe!!
You die...
Kikubaaqudgha rasps: "You have failed me!
Welcome... oblivion!"

Skill      XL: |  1  2  3  4  5  6  7  8  9 |
---------------+----------------------------+-----
Spellcasting   | 3 4 |  4.0
Necromancy     | 5 6 7 8 |  8.0
Fighting       | 2 5 7 8 |  8.0
Shields        | 1 4 5 |  5.0
Polearms       | 4 |  4.2
Dodging        | |  1.5
Stealth        | |  1.5

Action                     |  1- 3 |  4- 6 |  7- 9 || total
---------------------------+-------+-------+-------++-------
  Melee: Hand axe          |    14 |    12 |       ||    26
         Unarmed           |     1 |       |       ||     1
         Halberd           |       |    80 |     5 ||    85
         Trident           |       |       |   128 ||   128
   Cast: Necrotise         |    62 |    86 |   134 ||   282
         Vampiric Draining |     1 |    12 |    43 ||    56
         Dispel Undead     |       |       |     5 ||     5
  Evoke: Wand              |       |       |     2 ||     2
    Use: Scroll            |       |       |     5 ||     5
   Stab: Distracted        |       |     1 |     1 ||     2
         Sleeping          |       |       |     1 ||     1
 Armour: Robe              |     3 |     9 |       ||    12
         Ring mail         |       |    54 |    98 ||   152
  Dodge: Dodged            |    23 |    53 |    87 ||   163
  Block: Buckler           |       |       |    34 ||    34

Levels and vault maps discovered:
D:1:      sevenhm_arrival_forest_fort_small_3, layout_loops_ring
D:2:      layout_basic
D:3:      layout_loops_ring, minmay_lizard_king
D:4:      layout_cave_pools, dreamdust_mushroom_princess
D:5:      layout_basic, minmay_temple_entry_glass, serial_shops,
          nicolae_shop_tiny_glass, uniq_crazy_yiuf_cottage, uniq_sigmund,
          uniq_blork_the_orc
D:6:      layout_loops_ring, grunt_temple_overflow_cloverleaf, serial_shops,
          nicolae_shop_tiny_statue_garden, grunt_decor_mini_mirrors
D:7:      layout_basic
D:8:      layout_loops_ring, mainiacjoe_overflow_surrounded_room, enter_bailey_5
Temple:   minmay_temple_bridge_d
Bailey:   bailey_axe_4, bailey

Notes
Turn   | Place    | Note
-------+----------+-------------------------------------------
     0 | D:1      | Jackthecabe the Mummy Necromancer began the quest for the
                  | Orb.
     0 | D:1      | Reached XP level 1. HP: 13/13 MP: 4/4
   164 | D:1      | Reached skill level 3 in Spellcasting
   228 | D:1      | Reached XP level 2. HP: 10/19 MP: 0/6
   554 | D:1      | Gained mutation: You are in touch with the powers of death.
                  | [Mummy growth]
   554 | D:1      | Reached XP level 3. HP: 22/24 MP: 1/7
   760 | D:1      | Reached skill level 5 in Necromancy
   909 | D:1      | Learned a level 3 spell: Vampiric Draining
  1964 | D:2      | Reached XP level 4. HP: 30/30 MP: 4/8
  2576 | D:3      | Reached skill level 6 in Necromancy
  2853 | D:3      | Reached XP level 5. HP: 31/35 MP: 2/9
  3843 | D:3      | Reached skill level 7 in Necromancy
  3956 | D:4      | Reached XP level 6. HP: 41/41 MP: 2/10
  4135 | D:4      | HP: 2/41 [orc wizard/puff of flame (13)]
  4444 | D:4      | You fall into a shaft and drop 1 floor!
  4444 | D:5      | Entered Level 5 of the Dungeon
  4448 | D:5      | Found a staircase to the Ecumenical Temple.
  4467 | D:5      | Reached skill level 8 in Necromancy
  4467 | D:5      | Reached skill level 1 in Fighting
  4560 | Temple   | Entered the Ecumenical Temple
  4799 | D:5      | Reached skill level 2 in Fighting
  4799 | D:5      | Reached XP level 7. HP: 51/51 MP: 11/11
  4805 | D:5      | Reached skill level 3 in Fighting
  5047 | D:5      | Noticed Sigmund
  5222 | D:5      | Reached skill level 4 in Fighting
  5271 | D:5      | Found Dojoppal's Armour Shoppe.
  5334 | D:5      | Noticed Blork the orc
  5590 | D:5      | Identified the +0 buckler "Syfocu" {Harm *Corrode rF+
                  | Stlth+}
  5805 | D:4      | Killed Blork the orc
  5806 | D:4      | Reached skill level 5 in Fighting
  6004 | D:5      | Found a runed translucent door.
  6005 | D:5      | Noticed Crazy Yiuf
  6134 | D:6      | Reached skill level 1 in Shields
  6253 | D:6      | Reached XP level 8. HP: 33/64 MP: 2/12
  6511 | D:6      | Reached skill level 2 in Shields
  6633 | D:6      | Reached skill level 6 in Fighting
  6936 | D:6      | Found Dufy's General Store.
  7008 | D:6      | Found a shimmering blue altar of Sif Muna.
  7011 | D:6      | Found an iron altar of Okawaru.
  7030 | D:6      | Found an ancient bone altar of Kikubaaqudgha.
  7035 | D:6      | Reached skill level 3 in Shields
  7038 | D:6      | Became a worshipper of Kikubaaqudgha
  7082 | D:6      | Found an opulent altar of Gozag.
  7195 | D:7      | Identified a +1 robe of the Archmagi
  7611 | D:7      | Reached skill level 7 in Fighting
  7727 | D:7      | Reached skill level 4 in Shields
  7798 | D:7      | Learned a level 4 spell: Dispel Undead
  8215 | D:7      | Reached XP level 9. HP: 72/72 MP: 8/13
  8678 | D:8      | Found a flagged portal.
  8682 | D:8      | Reached * piety under Kikubaaqudgha
  8682 | D:8      | Received a gift from Kikubaaqudgha
  8702 | D:7      | Reached skill level 8 in Fighting
  8786 | D:7      | Reached skill level 5 in Shields
  8873 | Bailey   | Entered a bailey
  8909 | Bailey   | Noticed an orc knight
  9010 | Bailey   | Reached skill level 4 in Spellcasting
  9010 | Bailey   | Reached skill level 1 in Polearms
  9140 | Bailey   | Identified the +3 leather armour of Knowledge {Stlth+}
  9167 | Bailey   | Reached skill level 2 in Polearms
  9266 | Bailey   | Noticed an orc knight
  9434 | Bailey   | Killed an orc knight
  9435 | Bailey   | Reached skill level 4 in Polearms
  9617 | Bailey   | Slain by an orc knight

Vanquished Creatures
  An orc knight (Bailey)
  A wyvern (D:7)
  A water moccasin (D:6)
  A sky beast (D:7)
  4 orc warriors
  2 ice beasts
  An ogre (D:6)
  2 centaurs
  A phantom (D:5)
  A kobold brigand (D:8)
  Blork the orc (D:4)
  2 bullfrogs
  3 scorpions
  5 wights (D:7)
  A howler monkey (D:6)
  An orc priest (D:7)
  2 jellies
  2 hounds
  A sleepcap (D:5)
  An iguana (D:6)
  8 orc wizards
  5 gnolls
  13 adders
  A shadow imp (D:6)
  A white imp (D:7)
  3 worms
  3 dart slugs
  27 orcs
  5 endoplasms
  4 giant cockroaches
  8 goblins
  9 hobgoblins
  4 jackals
  19 kobolds
  3 quokkas (D:1)
  11 ball pythons
  4 bats
  8 frilled lizards
  5 rats
175 creatures vanquished.

Vanquished Creatures (collateral kills)
  2 jackals (D:3)
  A frilled lizard (D:3)
3 creatures vanquished.

Vanquished Creatures (others)
  A hobgoblin (Bailey)
1 creature vanquished.

Grand Total: 179 creatures vanquished

Table legend: (Time is in decaauts)
 A = Elapsed time spent in this place.
 B = Non-inter-level travel time spent in this place.
 C = Inter-level travel time spent in this place.
 D = Time resting spent in this place.
 E = Time spent auto-exploring this place.
 F = Levels seen in this place.
 G = Mean time per level.
                   A        B        C        D        E       F      G
               +--------+--------+--------+--------+--------+-----+--------+
         Total |   9725 |   9378 |    347 |   1085 |   6464 |  10 |  972.5 |
       Dungeon |   8736 |   8397 |    339 |    884 |   5924 |   8 | 1092.0 |
        Temple |    230 |    222 |      8 |      0 |    211 |   1 |  230.0 |
        Bailey |    757 |    757 |      0 |    201 |    329 |   1 |  757.0 |
               +--------+--------+--------+--------+--------+-----+--------+

Top non-repeatable levels by time:
     D:2: 1482 daAuts
     D:7: 1378 daAuts
     D:3: 1287 daAuts
     D:6: 1148 daAuts
     D:4: 1115 daAuts
     D:1: 1050 daAuts
     D:5: 985 daAuts
  Bailey: 757 daAuts
     D:8: 289 daAuts
  Temple: 230 daAuts

Table legend:
 A = Non-vault XP
 B = Vault XP
 C = Vault XP percentage of total XP
 D = Non-vault monster count
 E = Vault monster count
 F = Vault count percentage of total count
                 A         B        C        D         E       F
            +---------+---------+-------+---------+---------+-------
      Total |    3349 |    1149 |  25.5 |     148 |      30 |  16.9
            +---------+---------+-------+---------+---------+-------
        D:1 |      60 |       0 |   0.0 |      27 |       0 |   0.0
        D:2 |      83 |       0 |   0.0 |      18 |       0 |   0.0
        D:3 |     161 |       5 |   3.0 |      23 |       5 |  17.9
        D:4 |     267 |      91 |  25.4 |      26 |       1 |   3.7
        D:5 |     542 |       0 |   0.0 |      15 |       0 |   0.0
        D:6 |     747 |       0 |   0.0 |      11 |       0 |   0.0
        D:7 |    1321 |       0 |   0.0 |      22 |       0 |   0.0
        D:8 |     168 |       7 |   4.0 |       6 |       4 |  40.0
     Bailey |       0 |    1046 | 100.0 |       0 |      20 | 100.0
            +---------+---------+-------+---------+---------+-------
